 Dungeon Crawl Stone Soup version 0.24.0-37-gcf1ca852f1 (webtiles) character file.

Game seed: 11048303998038691977, levelgen mode: deterministic

4588 sankara the Carver (level 10, -3/56 HPs)
             Began as a Gargoyle Monk on Dec 3, 2019.
             Was a Priest of Dithmenos.
             Killed by divine providence
             ... invoked by an orc priest
              (12 damage)
             ... on level 10 of the Dungeon.
             The game lasted 00:33:51 (10510 turns).

sankara the Carver (Gargoyle Monk)                 Turns: 10510, Time: 00:33:51

Health: -3/56      AC: 21    Str: 16    XL:     10   Next: 41%
Magic:  10/10      EV: 15    Int: 10    God:    Dithmenos [***...]
Gold:   335        SH:  0    Dex: 15    Spells: 7/9 levels left

rFire    . . .     SeeInvis .   a - +0 long sword
rCold    . . .     Gourm    .   (no shield)
rNeg     + . .     Faith    .   T - +2 robe {MR+}
rPois    ∞         Spirit   .   s - +1 helmet
rElec    +         Reflect  .   (no cloak)
rCorr    .         Harm     .   q - +0 pair of gloves
MR       ++...                  f - +0 pair of boots
Stlth    +++++.....             (no amulet)
HPRegen  0.18/turn              r - +6 ring of protection
MPRegen  0.12/turn              i - ring of protection from magic

@: wreathed by umbra
A: negative energy resistance 1, electricity resistance, unbreathing,
petrification resistance, rot immunity, AC +7
a: Shadow Step, Renounce Religion


You were on level 10 of the Dungeon.
You worshipped Dithmenos.
Dithmenos was most pleased with you.
You were hungry.

You visited 2 branches of the dungeon, and saw 11 of its levels.

You collected 560 gold pieces.
You spent 225 gold pieces at shops.

Inventory:

Hand Weapons
 a - a +0 long sword (weapon)
 b - a +1 dagger of venom
 j - a +2 hunting sling of freezing
 u - a +4 flail of holy wrath
 v - a +2 whip of venom
 D - the +12 rapier of Pausemy {flame, Str+2 Int+3}
   (You bought it in a shop on level 6 of the Dungeon)

   It has been specially enchanted to burn those struck by it, causing extra
   injury to most foes and up to half again as much damage against particularly
   susceptible opponents.
   It affects your strength (+2).
   It affects your intelligence (+3).
Missiles
 h - 268 stones (quivered)
 x - 34 poisoned darts
 y - 41 sling bullets
Armour
 f - a +0 pair of boots (worn)
 q - a +0 pair of gloves (worn)
 s - a +1 helmet (worn)
 w - a +0 robe
 F - the +1 robe "Heacuat" {-Tele rPois Regen+}
   (You found it on level 4 of the Dungeon)

   It protects you from poison.
   It prevents most forms of teleportation.
   It increases your rate of regeneration.
 M - the +0 robe of Discretion {rPois MR- MP+9 Int+3}
   (You found it on level 7 of the Dungeon)

   It affects your intelligence (+3).
   It protects you from poison.
   It affects your resistance to hostile enchantments.
   It affects your magic capacity (+9).
 T - a +2 robe of magic resistance (worn)
Jewellery
 d - an uncursed ring of wizardry
 i - a ring of protection from magic (right hand)
 p - an uncursed ring of positive energy
 r - a +6 ring of protection (left hand)
 E - an uncursed ring of positive energy
 K - an uncursed ring of protection from fire
Wands
 L - a wand of random effects (25)
 N - a wand of acid (8)
 Q - a wand of iceblast (16)
Scrolls
 e - 3 scrolls of fear {unknown}
 g - 3 scrolls of blinking {unknown}
 k - 3 scrolls of remove curse
 l - 3 scrolls of enchant armour {unknown}
 m - 10 scrolls of identify {unknown}
 o - 2 scrolls of amnesia {unknown}
 z - 3 scrolls of magic mapping {unknown}
 C - 5 scrolls of teleportation {unknown}
 G - 2 scrolls of enchant weapon {unknown}
 O - a scroll of vulnerability {unknown}
 P - 2 scrolls of immolation {unknown}
Potions
 n - 2 potions of berserk rage
 t - 2 potions of heal wounds
 A - 2 potions of flight {unknown}
 B - a potion of agility
 H - 5 potions of lignification {unknown}
 I - 3 potions of brilliance {unknown}
 J - a potion of curing
 R - a potion of ambrosia {unknown}
 S - a potion of resistance {unknown}
 U - a potion of mutation {unknown}
Comestibles
 c - 12 rations


   Skills:
 - Level 3.2 Fighting
 + Level 11.8 Long Blades
 + Level 5.1 Dodging
 + Level 6.9 Stealth


You had 7 spell levels left.
You knew the following spells:

 Your Spells              Type           Power        Failure   Level  Hunger
a - Blink                 Tloc           N/A          50%         2    ###....

Your spell library contained the following spells:

 Spells                   Type           Power        Failure   Level  Hunger
 Confusing Touch          Hex            #.....       36%         1    ##.....
 Corona                   Hex            #......      36%         1    ##.....
 Magic Dart               Conj           #...         36%         1    ##.....
 Call Imp                 Summ           #.......     50%         2    ###....
 Poisonous Vapours        Pois/Air       #.....       50%         2    ###....
 Slow                     Hex            #.......     50%         2    ###....
 Confuse                  Hex            #.......     75%         3    ####...
 Conjure Flame            Conj/Fire      #.......     75%         3    ####...
 Gell's Gravitas          Tloc           #.........   75%         3    ####...
 Inner Flame              Hex/Fire       #.......     75%         3    ####...
 Mephitic Cloud           Conj/Pois/Air  #.......     75%         3    ####...
 Portal Projectile        Hex/Tloc       #.....       75%         3    ####...
 Cause Fear               Hex            #.........   98%         4    #####..
 Leda's Liquefaction      Hex/Erth       #.........   98%         4    #####..
 Petrify                  Tmut/Erth      #.......     98%         4    #####..
 Metabolic Englaciation   Hex/Ice        #.........   100%        5    ######.
 Yara's Violent Unravell  Hex/Tmut       #.........   100%        5    ######.
 Freezing Cloud           Conj/Ice/Air   #.........   100%        6    #######
 Ring of Flames           Chrm/Fire      #.........   100%        7    #######


Dungeon Overview and Level Annotations

Branches:
Dungeon (10/15)            Temple (1/1) D:4
   Lair: D:8-11         Orc: D:9-12

Altars:
Ashenzari
Cheibriados
Dithmenos
Elyvilon
Fedhas
Gozag
Hepliaklqana
Kikubaaqudgha
Makhleb
Nemelex Xobeh
Okawaru
Qazlal
Ru
Sif Muna
Trog
Uskayaw
Vehumet
Wu Jian
Xom
Yredelemnul
Zin
The Shining One

Shops:
D:6 }(}(*   D:8 %

Annotations:
D:9 2 transporters


Innate Abilities, Weirdness & Mutations

You are resistant to torment.
Your stone body is resilient. (AC +7)
You are immune to poison.
You resist negative energy. (rN+)
You are resistant to electric shocks. (rElec)
You can survive without breathing.
You are immune to petrification.
You are immune to rotting.


Message History

You hit the centaur warrior skeleton.
The centaur warrior skeleton is severely damaged.
The centaur warrior skeleton hits you but does no damage.
You hit the centaur warrior skeleton.
The centaur warrior skeleton is severely damaged.
The centaur warrior skeleton hits you but does no damage.
You slash the centaur warrior skeleton!
The centaur warrior skeleton is almost destroyed.
The orc priest invokes the aid of Beogh against you.
Beogh smites you!
* * * LOW HITPOINT WARNING * * *
The centaur warrior skeleton barely misses you.
You riposte.
You hit the centaur warrior skeleton.
The centaur warrior skeleton is almost destroyed.
You are feeling hungry.
You hit the centaur warrior skeleton but do no damage.
The centaur warrior skeleton is almost destroyed.
The orc priest calls down the wrath of Beogh upon you.
Beogh smites you!
You die...

#.# ##+## #.# #...#
######### #.# #...#
#.......# #.# #...#
#.......# #o# #...#
#.......# #o#
#...###.......##
#.#
#...............
#o###...##........#
#oZ@..............#
############.######
#.# #.# #.# #.# ##
#.# #. #.# #. #.#
#.


You could see 2 orc priests and a centaur warrior skeleton.

Vanquished Creatures
  Psyche (D:8)
  Prince Ribbit (D:8)
  A hippogriff (D:8)
  A spriggan (D:9)
  4 yaks (D:8)
  A wraith (D:9)
  Eustachio (D:6)
  A hungry ghost (D:9)
  Menkaure (D:4)
  Edmund (D:4)
  2 water moccasins (D:8)
  An orc warrior (D:8)
  4 sky beasts
  3 ogres
  2 bullfrogs
  Blork the orc (D:4)
  A scorpion (D:7)
  A howler monkey (D:5)
  5 crimson imps
  3 hounds
  2 jellies
  5 orc wizards
  2 centaur zombies
  An orc priest (D:3)
  A gnoll shaman (D:8)
  Terence (D:1)
  Jessica (D:2)
  Ijyb (D:3)
  7 worker ants
  A hound zombie (D:9)
  A hound skeleton (D:6)
  Robin (D:2)
  A worker ant zombie (D:9)
  12 gnolls
  2 howler monkey skeletons
  8 adders
  3 shadow imps
  3 oozes
  An adder skeleton (D:7)
  An adder zombie (D:5)
  2 worms
  2 dart slugs
  4 leopard geckos
  36 orcs
  3 ball pythons (D:1)
  7 giant cockroaches
  16 goblins
  13 hobgoblins
  14 jackals
  2 quokkas
  6 bats
  8 frilled lizards
  2 jackal skeletons
  12 kobolds
  7 rats
225 creatures vanquished.

Vanquished Creatures (others)
  A plant (D:6)
1 creature vanquished.

Grand Total: 226 creatures vanquished

Notes
Turn   | Place    | Note
-------+----------+-------------------------------------------
     0 | D:1      | sankara the Gargoyle Monk began the quest for the Orb.
     0 | D:1      | Reached XP level 1. HP: 14/14 MP: 1/1
    48 | D:1      | Reached skill level 3 in Long Blades
   118 | D:1      | Reached XP level 2. HP: 19/19 MP: 2/2
   452 | D:2      | Noticed Jessica
   466 | D:2      | Reached XP level 3. HP: 12/23 MP: 3/3
   470 | D:2      | Killed Jessica
   470 | D:2      | Reached skill level 4 in Long Blades
   470 | D:2      | Reached XP level 4. HP: 15/28 MP: 4/4
  1318 | D:2      | Reached skill level 5 in Long Blades
  1318 | D:2      | Reached XP level 5. HP: 20/32 MP: 5/5
  1471 | D:2      | Noticed Terence
  1502 | D:2      | Noticed Robin
  1533 | D:1      | Killed Terence
  1797 | D:2      | Killed Robin
  2108 | D:2      | Reached XP level 6. HP: 33/37 MP: 6/6
  2120 | D:2      | Reached skill level 6 in Long Blades
  2797 | D:3      | Noticed a sky beast
  2818 | D:3      | Killed a sky beast
  3009 | D:3      | Found a radiant altar of Vehumet.
  3092 | D:3      | Found a bloodstained altar of Trog.
  3388 | D:3      | Noticed Ijyb
  3413 | D:3      | Killed Ijyb
  3413 | D:3      | Reached skill level 7 in Long Blades
  3413 | D:3      | Reached XP level 7. HP: 40/41 MP: 7/7
  4100 | D:4      | Noticed Edmund
  4172 | D:4      | Killed Edmund
  4522 | D:4      | Found a staircase to the Ecumenical Temple.
  4561 | D:4      | Noticed Menkaure
  4577 | Temple   | Entered the Ecumenical Temple
  4639 | Temple   | Became a worshipper of Dithmenos the Shadowed
  4639 | Temple   | Reached * piety under Dithmenos
  4639 | Temple   | Reached ** piety under Dithmenos
  4655 | D:4      | Killed Menkaure
  4655 | D:4      | Reached skill level 8 in Long Blades
  4781 | D:4      | Noticed Blork the orc
  4796 | D:4      | Killed Blork the orc
  4915 | D:4      | Found a stormy altar of Qazlal.
  5029 | D:4      | Reached XP level 8. HP: 29/46 MP: 8/8
  5223 | D:4      | Found a glowing golden altar of the Shining One.
  5268 | D:5      | Entered Level 5 of the Dungeon
  5403 | D:5      | Reached skill level 9 in Long Blades
  5580 | D:5      | Found a snail-covered altar of Cheibriados.
  5754 | D:5      | Found a glowing silver altar of Zin.
  5801 | D:5      | Found a bloodstained altar of Trog.
  6162 | D:6      | Found Diziniph's Antique Weapon Boutique.
  6211 | D:4      | Got a fine robe
  6222 | D:4      | Identified the +1 robe "Heacuat" {-Tele rPois Regen+} (You
                  | found it on level 4 of the Dungeon)
  6323 | D:6      | Found Wahyad Ejoz's Gadget Emporium.
  6439 | D:6      | Learned a level 2 spell: Blink
  6625 | D:6      | Reached *** piety under Dithmenos
  6655 | D:6      | Found Xecrasez's Assorted Antiques.
  6758 | D:6      | Reached skill level 10 in Long Blades
  6767 | D:6      | Found Ikishiad's Weapon Emporium.
  6768 | D:6      | Noticed Eustachio
  6798 | D:6      | Killed Eustachio
  7185 | D:6      | Found Jocra's Gadget Boutique.
  7189 | D:6      | Bought an ebony rapier for 225 gold pieces
  7189 | D:6      | Identified the +12 rapier of Pausemy {flame, Str+2 Int+3}
                  | (You bought it in a shop on level 6 of the Dungeon)
  7249 | D:6      | Found a burning altar of Makhleb.
  7251 | D:6      | Noticed a green death
  7255 | D:6      | Noticed a hellwing
  7618 | D:7      | Reached XP level 9. HP: 39/51 MP: 9/9
  7730 | D:7      | Got a tattered robe
  7741 | D:7      | Identified the cursed +0 robe of Discretion {rPois MR- MP+9
                  | Int+3} (You found it on level 7 of the Dungeon)
  7752 | D:7      | Found a hazy altar of Hepliaklqana.
  8370 | D:8      | Reached skill level 11 in Long Blades
  8919 | D:8      | Noticed Prince Ribbit
  8925 | D:8      | Killed Prince Ribbit
  8950 | D:8      | Found Ulan's Food Shop.
  9062 | D:8      | Noticed Psyche
  9077 | D:8      | Killed Psyche
  9077 | D:8      | Reached skill level 5 in Stealth
  9091 | D:8      | Reached XP level 10. HP: 33/56 MP: 10/10
  9419 | D:8      | Found a shimmering blue altar of Sif Muna.
  9422 | D:8      | Found an ornate altar of the Wu Jian Council.
  9904 | D:9      | Noticed a glowing orange brain
  9995 | D:9      | Paralysed by fainting for 8 turns
 10008 | D:9      | Reached skill level 5 in Dodging
 10110 | D:9      | Found a transporter.
 10110 | D:9      | Found a transporter.
 10394 | D:10     | Entered Level 10 of the Dungeon
 10510 | D:10     | Killed from afar by an orc priest

Levels and vault maps discovered:
D:1:      dpeg_arrival_line_fractal, layout_basic
D:2:      layout_loops_cross, nicolae_underground_beach, uniq_jessica,
          uniq_terence, uniq_robin
D:3:      layout_loops_corners, overflow_temple_1_default,
          overflow_temple_1_default, uniq_ijyb
D:4:      layout_gridville, tso_oasis_becter, grunt_qazlal_clouds,
          minmay_temple_entry_junction, first_ration, uniq_edmund,
          uniq_blork_the_orc, uniq_menkaure
D:5:      layout_basic, kennysheep_mini_moat, overflow_temple_1_default,
          trog_butcher_becter
D:6:      corexii_shack_village, layout_basic, makhleb_altar_promises_db,
          serial_shops, shop, nicolae_shop_competitors_out_of_business, shop,
          kennysheep_little_box, shop, minmay_misc_feat_roman, minivault_19,
          uniq_eustachio
D:7:      layout_rooms, basic_altar
D:8:      layout_rooms, gammafunk_temple_overflow_statue, serial_shops,
          nicolae_shop_statue_plus, uniq_prince_ribbit1, uniq_psyche
D:9:      gammafunk_jiyva_shrine, layout_rooms, the_bakery
D:10:     layout_basic, chequers_serial_rivers_micro_a
Temple:   cyrus_circular_temple

Skill      XL: |  1  2  3  4  5  6  7  8  9 10 |
---------------+-------------------------------+-----
Long Blades    | 3 4 5 7 8 10 11 | 11.8
Stealth        | 5 6 |  6.9
Dodging        | 4 5 |  5.1
Fighting       | |  3.2

Action                   |  1- 3 |  4- 6 |  7- 9 | 10-12 || total
-------------------------+-------+-------+-------+-------++-------
Melee: Falchion          |    51 |   389 |   510 |       ||   950
       Long sword        |       |       |   121 |   189 ||   310
       Dagger            |       |       |     7 |       ||     7
Invok: Shadow Step       |       |       |     2 |       ||     2
  Use: Potion            |       |     1 |     4 |       ||     5
       Scroll            |       |       |     1 |       ||     1
 Stab: Sleeping          |     4 |     4 |    12 |     1 ||    21
       Distracted        |       |     2 |     1 |       ||     3
  Eat: Chunk             |       |     9 |    19 |     4 ||    32
       Ration            |       |       |       |     1 ||     1
Armor: Robe              |    24 |   137 |   230 |    68 ||   459
Dodge: Dodged            |    33 |   269 |   460 |    97 ||   859
       Rpst.: Falchion   |    11 |    87 |   107 |       ||   205
       Long sword        |       |       |    29 |    36 ||    65
